 Dungeon Crawl Stone Soup version 0.30-a0-782-ge64f9170bb (webtiles) character file.

Game seed: 11185747043315231324

298 xian the Magician (level 6, -15/43 HPs)
             Began as a Demonspawn Hedge Wizard on Feb 18, 2023.
             Killed from afar by Ijyb (18 damage)
             ... with a bolt of acid
             ... on level 3 of the Dungeon.
             The game lasted 00:06:32 (2639 turns).

xian the Magician (Demonspawn Hedge Wizard)         Turns: 2639, Time: 00:06:33

Health: -15/43     AC:  1    Str: 10    XL:     6   Next: 13%
Magic:  12/13      EV: 12    Int: 23    God:
Gold:   56         SH:  0    Dex: 13    Spells: 5/14 levels left

rFire   . . .      SeeInvis .    h - +1 rapier (elec)
rCold   . . .      Faith    .    (no shield)
rNeg    . . .      Spirit   .    b - +0 robe
rPois   .          Reflect  .    c - +0 hat
rElec   .          Harm     .    (no cloak)
rCorr   .          Rampage  .    j - +0 pair of gloves
Will    +....                    (no boots)
Stlth   ++                       (no amulet)
HPRegen 0.27/turn                i - +6 ring of intelligence
MPRegen 0.26/turn                k - ring of willpower

@: corroded
A: antennae 2, thin metallic scales 1, magic regeneration
a: no special abilities


You were on level 3 of the Dungeon.
You visited 1 branch of the dungeon, and saw 3 of its levels.

You collected 56 gold pieces.

Inventory:

Hand Weapons
 h - a +1 rapier of electrocution (weapon)
Armour
 b - a +0 robe (worn)
 c - a +0 hat (worn)
 j - a +0 pair of gloves (worn)
Magical Staves
 f - a staff of conjuration
Jewellery
 i - a +6 ring of intelligence (left hand)
 k - a ring of willpower (right hand)
Scrolls
 a - 2 scrolls of enchant armour {unknown}
 g - 2 scrolls of poison {unknown}
 l - a scroll of vulnerability {unknown}
Potions
 d - a potion of magic
 e - 2 potions of haste {unknown}
 m - a potion of degeneration {unknown}


   Skills:
 + Level 1.3 Fighting
 + Level 0.3 Short Blades
 + Level 1.1 Staves
 + Level 2.7 Dodging
 + Level 2.1 Stealth
 + Level 4.7 Spellcasting
 + Level 2.7 Conjurations
 + Level 1.2 Summonings
 + Level 1.0 Translocations


You had 5 spell levels left.
You knew the following spells:

 Your Spells              Type           Power      Damage    Failure   Level
a - Magic Dart            Conj           72%        1d6       3%          1
b - Mephitic Cloud        Conj/Pois/Air  9%         N/A       21%         3
c - Call Imp              Summ           11%        N/A       9%          2
d - Blink                 Tloc           20%        N/A       10%         2
e - Slow                  Hex            20%        N/A       10%         1

Your spell library contained the following spells:

 Spells                   Type           Power      Damage    Failure   Level
 Necrotise                Necr           20%        1d5       10%         1
 Cigotuvi's Dreadful Rot  Necr/Pois/Air  10%        N/A       14%         2
 Vampiric Draining        Necr           5%         2d6       28%         3
 Agony                    Necr           5%         N/A       95%         5


Dungeon Overview and Level Annotations

Branches:
Dungeon (3/15)

Altars:
Okawaru

Shops:
D:1 ?

Annotations:
D:3 Ijyb


Innate Abilities, Weirdness & Mutations

You have a pair of antennae on your head.
You are partially covered in thin metallic scales. (AC +2)
You regenerate magic rapidly.


Message History

h - a +1 rapier of electrocution (weapon)
You closely miss the orc wizard.
The orc wizard is almost dead.
The orc wizard hits you with a +0 dagger.
The orc wizard casts a spell at you. The magic dart hits you.
You closely miss the orc wizard.
The orc wizard is almost dead.
The orc wizard casts a spell.
The orc wizard flickers and vanishes!
Deactivating autopickup; reactivate with Ctrl-A.
You hit something. Lightning courses through something!
Reactivating autopickup.
You feel a bit more experienced.
Your Fighting skill increases to level 1!
Things that are here:
a +0 whip of pain; an orc corpse Ijyb the Twisted Goblin comes into view.
She is wielding a +0 club and carrying a wand of acid (10).
The endoplasm quivers.
The magic dart hits the endoplasm.
The endoplasm is heavily wounded.
The magic dart hits the endoplasm.
The endoplasm is severely wounded.
Ijyb zaps a wand.
The bolt of acid hits the endoplasm.
The endoplasm completely resists.
The bolt of acid hits you!!
Ouch! That really hurt!
* * * LOW HITPOINT WARNING * * *
The acid corrodes you!
You are too injured to fight recklessly!
The endoplasm attacks as you move away! The endoplasm closely misses you.
Unknown command.
The endoplasm hits you.
* * * LOW HITPOINT WARNING * * *
Things that are here:
a +0 whip of pain; an orc corpse The endoplasm hits you.
* * * LOW HITPOINT WARNING * * *
Ijyb zaps a wand.
The bolt of acid hits the endoplasm.
The endoplasm completely resists.
The bolt of acid hits you!!
You die...

...............
...............
...............
...............
...............
...............
#......#
#.....g#####
#.....<..J@#
..........#)####
##..#.....#.)..#
##.#.....####.# #
#.....####.##.#### #
#.....##..........
#.#.....##.#.###.###
#.....##...#.#
####.......#..


You could see Ijyb and an endoplasm.

Vanquished Creatures
  Sigmund (D:2)
  Jessica (D:2)
  An orc wizard (D:3)
  2 adders (D:2)
  2 dart slugs
  5 orcs
  5 ball pythons
  7 bats
  3 endoplasms
  4 giant cockroaches
  2 goblins (D:1)
  6 hobgoblins
  5 jackals (D:2)
  3 frilled lizards (D:1)
  6 kobolds
  5 rats
58 creatures vanquished.

Vanquished Creatures (collateral kills)
  A jackal (D:2)
1 creature vanquished.

Grand Total: 59 creatures vanquished

Notes
Turn   | Place    | Note
-------+----------+-------------------------------------------
     0 | D:1      | xian the Demonspawn Hedge Wizard began the quest for the
                  | Orb.
     0 | D:1      | Reached XP level 1. HP: 13/13 MP: 4/4
    58 | D:1      | Found Welysaeqod's Magic Scroll Shop.
   343 | D:1      | Gained mutation: You have a pair of small antennae on your
                  | head. [demonic ancestry]
   343 | D:1      | Reached XP level 2. HP: 19/19 MP: 0/6
  1012 | D:2      | Gained mutation: You have a pair of antennae on your head.
                  | [demonic ancestry]
  1012 | D:2      | Reached XP level 3. HP: 14/24 MP: 2/8
  1644 | D:2      | Reached skill level 4 in Spellcasting
  1857 | D:2      | Reached XP level 4. HP: 30/30 MP: 8/10
  1861 | D:2      | Learned a level 3 spell: Mephitic Cloud
  1864 | D:2      | Learned a level 2 spell: Call Imp
  1867 | D:2      | Learned a level 2 spell: Blink
  1869 | D:2      | Learned a level 1 spell: Slow
  2027 | D:2      | Noticed Jessica
  2034 | D:2      | Found an iron altar of Okawaru.
  2041 | D:2      | Killed Jessica
  2269 | D:2      | Noticed Sigmund
  2286 | D:2      | Killed Sigmund
  2287 | D:2      | Reached skill level 1 in Staves
  2287 | D:2      | Reached skill level 1 in Translocations
  2287 | D:2      | Gained mutation: You regenerate magic rapidly. [demonic
                  | ancestry]
  2287 | D:2      | Reached XP level 5. HP: 3/36 MP: 12/12
  2287 | D:2      | Gained mutation: You are partially covered in thin metallic
                  | scales. (AC +2) [demonic ancestry]
  2287 | D:2      | Reached XP level 6. HP: 4/42 MP: 13/13
  2632 | D:3      | Reached skill level 1 in Fighting
  2634 | D:3      | Noticed Ijyb
  2639 | D:3      | Killed from afar by Ijyb

Illustrated notes

Levels and vault maps discovered:
D:1:      giann_bridges, layout_rooms, serial_shops, nicolae_shop_waterfront,
          hangedman_feature_mirror
D:2:      layout_loops_ring, basic_altar, uniq_sigmund, uniq_jessica
D:3:      layout_basic, mainiacjoe_overflow_chevrons, uniq_grinder, uniq_ijyb

Skill      XL: |  1  2  3  4  5  6 |
---------------+-------------------+-----
Stealth        | 2 |  2.1
Dodging        | 2 |  2.7
Spellcasting   | 4 |  4.7
Staves         | 1 |  1.1
Conjurations   | 2 |  2.7
Translocations | 1 |  1.0
Fighting       | 1 |  1.3
Short Blades   | |  0.3
Summonings     | |  1.2

Action                     |  1- 3 |  4- 6 || total
---------------------------+-------+-------++-------
  Melee: Dagger            |     8 |       ||     8
         Staff             |    42 |     9 ||    51
         Rapier            |       |    21 ||    21
   Cast: Magic Dart        |   103 |    17 ||   120
         Call Imp          |       |     2 ||     2
         Slow              |       |     1 ||     1
         Blink             |       |     1 ||     1
 Armour: Robe              |    19 |     4 ||    23
  Dodge: Dodged            |    57 |    23 ||    80

Table legend: (Time is in decaauts)
 A = Elapsed time spent in this place.
 B = Non-inter-level travel time spent in this place.
 C = Inter-level travel time spent in this place.
 D = Time resting spent in this place.
 E = Time spent auto-exploring this place.
 F = Levels seen in this place.
 G = Mean time per level.
                   A        B        C        D        E       F      G
               +--------+--------+--------+--------+--------+-----+--------+
         Total |   2648 |   2557 |     91 |     92 |   1963 |   3 |  882.7 |
       Dungeon |   2648 |   2557 |     91 |     92 |   1963 |   3 |  882.7 |
               +--------+--------+--------+--------+--------+-----+--------+

Top non-repeatable levels by time:
     D:2: 1580 daAuts
     D:1: 976 daAuts
     D:3: 91 daAuts
